 Dungeon Crawl Stone Soup version 0.23.2-33-g5129a83184 (webtiles) character file.

Game seed: 4201732156992455027

7184 Exodus22XD the Markscentaur (level 10, -1/92 HPs)
             Began as a Centaur Hunter on July 1, 2019.
             Was an Elder of Okawaru.
             Slain by a five-headed hydra (2 damage)
             ... while petrified by a basilisk
             ... on level 10 of the Dungeon.
             The game lasted 00:44:13 (11003 turns).

Exodus22XD the Markscentaur (Centaur Hunter)       Turns: 11003, Time: 00:44:13

Health: -1/92      AC: 14    Str: 23    XL:     10   Next: 86%
Magic:  11/11      EV:  1    Int:  8    God:    Okawaru [****..]
Gold:   735        SH:  0    Dex: 20    Spells: 9/9 levels left

rFire    . . .     SeeInvis +   a - +1 shortbow
rCold    . . .     Gourm    +   (shield currently unavailable)
rNeg     + + +     Faith    .   c - +4 leather armour of the Ten Deaths {Dex+6 Slay-2}
rPois    ∞         Spirit   .   (no helmet)
rElec    .         Reflect  .   i - +2 cloak
rCorr    .         Harm     .   C - +2 pair of gloves {Dex+3}
MR       .....                  (no barding)
Stlth    +.........             A - amulet of the gourmand
HPRegen  0.25/turn              o - +4 ring of strength
MPRegen  0.12/turn              q - ring of see invisible

@: petrified, very quick
A: large, hooves 3, deformed body, dopey 1, speed 2, strong 1, tough skin 3
a: Heroism, Renounce Religion


You were on level 10 of the Dungeon.
You worshipped Okawaru.
Okawaru was greatly pleased with you.
You were very full.

You visited 1 branch of the dungeon, and saw 10 of its levels.

You collected 735 gold pieces.

Inventory:

Hand Weapons
 a - a +1 shortbow (weapon)
 b - a +0 short sword
 B - a +0 falchion
Missiles
 d - 36 arrows (quivered)
Armour
 c - the +4 leather armour of the Ten Deaths (worn) {Dex+6 Slay-2}
   (You found it on level 8 of the Dungeon)

   It affects your dexterity (+6).
   It affects your accuracy and damage with ranged weapons and melee attacks
   (-2).
 i - a +2 cloak (worn)
 j - a +3 leather armour of poison resistance
 C - a +2 pair of gloves of dexterity (worn)
Jewellery
 o - a +4 ring of strength (left hand)
 q - a ring of see invisible (right hand)
 A - an amulet of the gourmand (around neck)
 G - a +4 ring of intelligence
Wands
 g - a wand of random effects (20)
 p - a wand of digging (7)
Scrolls
 e - a scroll of enchant armour
 l - a scroll of magic mapping
 m - 3 scrolls of fear
 n - 7 scrolls of remove curse
 r - a scroll of teleportation
 u - a scroll of fog {unknown}
 y - a scroll of immolation {unknown}
 z - 3 scrolls of amnesia
 E - 2 scrolls of enchant weapon {unknown}
Potions
 h - 3 potions of mutation
 k - 2 potions of magic
 s - 2 potions of agility
 t - 2 potions of might
 v - 4 potions of curing
 w - 2 potions of resistance {unknown}
 x - 2 potions of heal wounds {unknown}
 F - a potion of brilliance {unknown}
Comestibles
 f - 18 rations


   Skills:
 + Level 9.7 Fighting
 - Level 0.7 Short Blades
 + Level 16.2 Bows
 + Level 3.8 Dodging
 - Level 0.4 Stealth
 - Level 2.1 Invocations


You had 9 spell levels left.
You didn't know any spells.
Your spell library contained the following spells:

 Spells                   Type           Power        Failure   Level  Hunger
 Confusing Touch          Hex            #.....       45%         1    ##.....
 Summon Small Mammal      Summ           #...         45%         1    ##.....
 Call Imp                 Summ           #.......     58%         2    ###....
 Call Canine Familiar     Summ           #.......     83%         3    ####...
 Confuse                  Hex            #.......     83%         3    ####...
 Gell's Gravitas          Tloc           #.........   83%         3    ####...
 Summon Guardian Golem    Hex/Summ       #.......     83%         3    ####...
 Petrify                  Tmut/Erth      #.......     99%         4    #####..
 Summon Ice Beast         Ice/Summ       #.......     99%         4    #####..
 Summon Lightning Spire   Summ/Air       #.......     99%         4    #####..
 Metabolic Englaciation   Hex/Ice        #.........   100%        5    ######.
 Yara's Violent Unravell  Hex/Tmut       #.........   100%        5    ######.


Dungeon Overview and Level Annotations

Branches:
Dungeon (10/15)            Temple (0/1) D:7             Orc (0/2) D:10
   Lair: D:8-11

Altars:
Ashenzari
Fedhas
Gozag
Hepliaklqana
Okawaru
Qazlal
Trog
Wu Jian
Xom

Shops:
D:5 %   D:6 :

Annotations:
D:3 3 runed translucent doors, voshxx's ghost, amateur MiFi
D:7 Erica
D:9 2 transporters, enkamrat's ghost, novice MiBe


Innate Abilities, Weirdness & Mutations

You have hooves in place of feet.
Armour fits poorly on your strangely shaped body.
You cover ground very quickly.
You have extremely tough skin. (AC +3)
You are dopey. (Int -2)
Your muscles are strong. (Str +2)


Message History

The five-headed hydra bites you!
* * * LOW HITPOINT WARNING * * *
The five-headed hydra bites you but does no damage. x2
The five-headed hydra bites you.
* * * LOW HITPOINT WARNING * * *
The five-headed hydra bites you but does no damage.
The adder bites you.
* * * LOW HITPOINT WARNING * * *
The scorpion completely misses you.
The five-headed hydra bites you but does no damage.
The five-headed hydra bites you!
* * * LOW HITPOINT WARNING * * *
The five-headed hydra bites you.
The five-headed hydra bites you but does no damage. x2
The adder bites you but does no damage.
The scorpion stings you but does no damage.
The adder bites you but does no damage.
The five-headed hydra bites you but does no damage.
The five-headed hydra bites you.
You die...

#...#.....(.((....#
.#####...#.(######.###.#
............# #.# #.#
............# #.# #.#
######.....# #.# #)#
#..(..# #.# #(#
#(..((######.###(#
#(...s..(..((((..#
#.<.lD@)<........#
#....S#####...##.#
♣....r# #?..##.# ♣....V#
#..>##.# ♣.P?...#
#...##.# rP..(.(.#
#...##.# ♣.P..(P..#
#...# .# ..PPP....#


You could see a five-headed hydra, a basilisk, a vampire, a scorpion, a
porcupine and an adder.

Vanquished Creatures
  A two-headed ogre (D:8)
  Joseph (D:9)
  Psyche (D:9)
  2 trolls (D:9)
  A hornet (D:8)
  Prince Ribbit (D:8)
  Eustachio (D:5)
  3 hogs (D:7)
  6 yaks
  A human (D:7)
  A hungry ghost (D:8)
  A sky beast (D:6)
  2 ice beasts
  3 orc warriors
  4 necrophages
  A phantom (D:3)
  2 black bears (D:9)
  5 ogres
  2 centaurs
  A big kobold (D:9)
  A bullfrog (D:6)
  2 scorpions
  4 killer bees (D:7)
  A crimson imp (D:6)
  A jelly (D:6)
  3 hounds
  4 orc priests
  A bullfrog skeleton (D:6)
  11 orc wizards
  Terence (D:2)
  7 iguanas
  6 worker ants
  A worker ant zombie (D:9)
  6 gnolls
  8 adders
  A shadow imp (D:6)
  An ooze (D:6)
  An adder zombie (D:7)
  A worm (D:5)
  8 leopard geckos
  37 orcs
  4 bats
  6 giant cockroaches
  11 goblins
  2 hobgoblins
  16 jackals
  14 kobolds
  4 quokkas
  A ball python (D:3)
  A ball python zombie (D:5)
  5 frilled lizards
  10 rats
220 creatures vanquished.

Vanquished Creatures (others)
  3 jackals (D:9)
  2 fungi (D:3)
  2 plants (D:3)
7 creatures vanquished.

Grand Total: 227 creatures vanquished

Notes
Turn   | Place    | Note
-------+----------+-------------------------------------------
     0 | D:1      | Exodus22XD the Centaur Hunter began the quest for the Orb.
     0 | D:1      | Reached XP level 1. HP: 17/17 MP: 1/1
   297 | D:1      | Reached XP level 2. HP: 24/24 MP: 2/2
   405 | D:1      | Reached skill level 6 in Bows
   917 | D:2      | Found a shimmering altar of Xom.
   945 | D:2      | Reached XP level 3. HP: 18/29 MP: 3/3
   978 | D:2      | Noticed Terence
  1049 | D:2      | Killed Terence
  1170 | D:2      | Reached skill level 7 in Bows
  1251 | D:2      | Reached XP level 4. HP: 35/36 MP: 4/4
  1942 | D:3      | Found a faded altar of an unknown god.
  2085 | D:3      | Found a runed translucent gate.
  2085 | D:3      | Found a runed translucent gate.
  2085 | D:3      | Found a runed translucent gate.
  2086 | D:3      | Identified the +2 dagger of Fixation {elec, -Tele rElec
                  | Str+7 Dex+3}
  2086 | D:3      | Noticed a big kobold
  2086 | D:3      | Noticed a big kobold
  2087 | D:3      | Noticed voshxx's ghost (amateur MiFi)
  2283 | D:3      | Found an opulent altar of Gozag.
  2492 | D:4      | Found an iron altar of Okawaru.
  2498 | D:4      | Noticed a phantom
  2506 | D:4      | Reached XP level 5. HP: 38/42 MP: 5/5
  2540 | D:3      | Killed a phantom
  2540 | D:3      | Reached skill level 8 in Bows
  2584 | D:4      | Noticed an ogre
  2586 | D:4      | Became a worshipper of Warmaster Okawaru
  2605 | D:4      | Killed an ogre
  2605 | D:4      | Reached XP level 6. HP: 48/51 MP: 6/6
  2778 | D:4      | Reached skill level 9 in Bows
  3055 | D:4      | Found a bloodstained altar of Trog.
  3102 | D:5      | Entered Level 5 of the Dungeon
  3233 | D:5      | Noticed an ice beast
  3245 | D:5      | Killed an ice beast
  3245 | D:5      | Reached XP level 7. HP: 57/57 MP: 7/7
  3315 | D:5      | Reached * piety under Okawaru
  3401 | D:5      | Found Vaedocs's Food Shop.
  3569 | D:5      | Reached skill level 10 in Bows
  4151 | D:5      | Reached skill level 1 in Invocations
  4232 | D:5      | Noticed Eustachio
  4302 | D:5      | Killed Eustachio
  4560 | D:6      | Reached ** piety under Okawaru
  4560 | D:6      | Reached XP level 8. HP: 66/66 MP: 9/9
  4722 | D:6      | Reached skill level 11 in Bows
  4840 | D:6      | Reached skill level 5 in Fighting
  4950 | D:6      | Reached skill level 12 in Bows
  5709 | D:6      | Found Ukadi's Book Shoppe.
  5863 | D:6      | Gained mutation: You are dopey. (Int -2) [potion of
                  | mutation]
  5863 | D:6      | Gained mutation: Your muscles are strong. (Str +2) [potion
                  | of mutation]
  6379 | D:7      | Found a blossoming altar of Fedhas.
  6379 | D:7      | Found an ornate altar of the Wu Jian Council.
  6447 | D:7      | Found a staircase to the Ecumenical Temple.
  6481 | D:7      | Reached *** piety under Okawaru
  6481 | D:7      | Reached XP level 9. HP: 75/75 MP: 10/10
  6598 | D:7      | Reached skill level 13 in Bows
  6729 | D:7      | Received a gift from Okawaru
  6866 | D:7      | Found a shattered altar of Ashenzari.
  7155 | D:7      | Reached skill level 14 in Bows
  7538 | D:8      | Found a shimmering altar of Xom.
  7568 | D:8      | Noticed a two-headed ogre
  7590 | D:8      | Noticed Erica
  8127 | D:8      | Noticed Prince Ribbit
  8715 | D:8      | Killed a two-headed ogre
  8715 | D:8      | Reached **** piety under Okawaru
  8715 | D:8      | Reached skill level 15 in Bows
  8715 | D:8      | Reached XP level 10. HP: 88/88 MP: 11/11
  8823 | D:8      | Killed Prince Ribbit
  9026 | D:8      | Got a jewelled leather armour
  9037 | D:8      | Identified the +4 leather armour of the Ten Deaths {Dex+6
                  | Slay-2} (You found it on level 8 of the Dungeon)
  9087 | D:8      | Received a gift from Okawaru
  9543 | D:9      | Noticed Joseph
  9563 | D:9      | Killed Joseph
 10068 | D:9      | Found a transporter.
 10073 | D:9      | Noticed enkamrat's ghost (novice MiBe)
 10081 | D:9      | Found a transporter.
 10149 | D:9      | Noticed Psyche
 10163 | D:9      | Killed Psyche
 10168 | D:9      | Found a stormy altar of Qazlal.
 10276 | D:9      | Received a gift from Okawaru
 10290 | D:9      | Reached skill level 16 in Bows
 10820 | D:9      | Found a hazy altar of Hepliaklqana.
 10921 | D:10     | Entered Level 10 of the Dungeon
 10928 | D:10     | Noticed a five-headed hydra
 10975 | D:10     | Found a staircase to the Orcish Mines.
 11002 | D:10     | HP: 1/92 [five-headed hydra (5)]
 11003 | D:10     | Slain by a five-headed hydra

Skill      XL: |  1  2  3  4  5  6  7  8  9 10 |
---------------+-------------------------------+-----
Bows           | 6 7 8 9 10 12 15 16 | 16.2
Dodging        | 2 3 |  3.8
Fighting       | 3 4 5 7 9 |  9.7
Invocations    | 2 |  2.1
Short Blades   | |  0.7
Stealth        | |  0.4

Action                   |  1- 3 |  4- 6 |  7- 9 | 10-12 || total
-------------------------+-------+-------+-------+-------++-------
Melee: Short sword       |    32 |    28 |       |       ||    60
       Kick              |     5 |     5 |       |       ||    10
 Fire: Shortbow          |    84 |   178 |   453 |   298 ||  1013
Invok: Heroism           |       |       |     4 |       ||     4
  Use: Scroll            |       |       |    14 |     1 ||    15
       Potion            |       |       |     2 |       ||     2
  Eat: Ration            |       |     1 |       |       ||     1
       Chunk             |       |     4 |    15 |     9 ||    28
Armor: Leather armour    |    33 |    54 |    43 |    52 ||   182
Dodge: Dodged            |    28 |    55 |    76 |    42 ||   201
